[Event "32nd NATO Championship 2022"]
[Site "Tartu"]
[Date "2022.06.30"]
[Round "6.2"]
[White "Pavlidis, Anastasios"]
[Black "Pietruszewski, Marcin"]
[Result "1/2-1/2"]
[ECO "E14"]
[WhiteElo "2296"]
[BlackElo "2195"]
[Annotator "NA RC"]
[PlyCount "72"]
[EventDate "2022.06.27"]
[EventType "swiss"]
[EventCountry "EST"]
[SourceTitle "playchess.com"]
[Source "ChessBase"]
[SourceQuality "1"]
[TimeControl "5400+30"]

1. d4 Nf6 2. c4 e6 3. Nf3 Bb4+ 4. Nbd2 b6 5. a3 Bxd2+ 6. Qxd2 ({Don't play} 6. Kxd2 O-O $11) 6... Bb7 7. e3 Qe7 8. b4 d6 9. Be2 Nbd7 10. Bb2 O-O 11. O-O a5 12. Rac1 Be4 (12... Ne4 $11 {is superior.} 13. Qc2 Rfc8) 13. Ne1 Rfc8 14. f3 Bg6 15. Nd3 c6 (15... axb4 $14 16. axb4 Bxd3 17. Bxd3 e5) 16. e4 axb4 17. axb4 e5 18. dxe5 dxe5 19. Qc3 Ne8 20. Nxe5 $16 Nxe5 21. Qxe5 Qxb4 22. Bc3 Qc5+ 23. Qxc5 bxc5 24. Ra1 Nc7 25. Rxa8 Rxa8 26. Rd1 Ne6 27. Rd6 Ra2 28. Bf1 Ra6 29. Be5 Kf8 30. Rd7 Ke8 31. Rb7 Ra2 32. Rb8+ Ke7 33. Rb7+ Kd8 34. Rb8+ Kd7 35. Rb7+ Kd8 36. h4 h5 1/2-1/2

[Event "32nd NATO Championship 2022"]
[Site "Tartu"]
[Date "2022.06.30"]
[Round "6.6"]
[White "Mouroutis, Konstantinos"]
[Black "Wang, Eigen"]
[Result "0-1"]
[ECO "D02"]
[WhiteElo "2125"]
[BlackElo "2269"]
[Annotator "NA RC"]
[PlyCount "78"]
[EventDate "2022.06.27"]
[EventType "swiss"]
[EventCountry "EST"]
[SourceTitle "playchess.com"]
[Source "ChessBase"]
[SourceQuality "1"]
[TimeControl "5400+30"]

1. d4 Nf6 2. Bf4 d5 3. e3 e6 4. Bd3 c5 5. c3 Bd6 6. Bg3 O-O 7. Nf3 Qc7 {[%emt 0:00:30] now scores much better than the old 7...Nc6.} 8. Nbd2 Nbd7 9. O-O Bxg3 10. hxg3 e5 11. dxe5 Nxe5 12. Nxe5 Qxe5 13. Nf3 (13. Qf3 $11) 13... Qh5 14. Re1 {[%emt 0:00:30] [#]} Rd8 $146 ({Predecessor:} 14... Bg4 15. Be2 Rad8 16. Nh4 Rfe8 17. Bxg4 Nxg4 18. Qf3 g5 19. Nf5 Qh2+ 20. Kf1 Ne5 {0-1 (30) Putri,R (1897)-Shimelkov,V (2159) Chess.com INT 2022}) 15. Nh2 Qh6 16. Qf3 Be6 17. Bf5 Qg5 18. Bxe6 fxe6 19. Qf4 Qh5 20. Nf3 Rf8 21. Qg5 Qe8 22. Nd2 Qb5 23. e4 dxe4 $11 24. c4 Qc6 25. Re2 Rad8 26. Rae1 Rd4 27. b3 h6 28. Qg6 e3 29. fxe3 Rg4 30. Qd3 Rxg3 31. Nf1 Rg5 32. e4 Nh5 33. Rd2 Nf4 34. Qe3 e5 35. Kh1 Qg6 36. g3 Nh5 37. Kh2 Rxf1 38. Rxf1 Nxg3 39. Rf8+ Kxf8 0-1

[Event "32nd NATO Championship 2022"]
[Site "Tartu"]
[Date "2022.06.30"]
[Round "6.7"]
[White "Nilsson, Erik"]
[Black "Sycz, Dariusz"]
[Result "1/2-1/2"]
[ECO "D36"]
[WhiteElo "2002"]
[BlackElo "2189"]
[Annotator "NA RC"]
[PlyCount "131"]
[EventDate "2022.06.27"]
[EventType "swiss"]
[EventCountry "EST"]
[SourceTitle "playchess.com"]
[Source "ChessBase"]
[SourceQuality "1"]
[TimeControl "5400+30"]

1. d4 Nf6 2. c4 e6 3. Nc3 d5 4. cxd5 exd5 5. Bg5 Nbd7 6. e3 c6 7. Bd3 Be7 8. Qc2 O-O 9. Nge2 Re8 10. O-O Nf8 11. f3 Ng6 {[%emt 0:14:40] Recently 11...g6 got a lot of attention.} 12. Rad1 Nh5 (12... h6 $11 13. Bxf6 Bxf6) 13. Bxe7 Qxe7 14. e4 dxe4 15. fxe4 Bg4 16. Bc4 Rf8 {[%emt 0:01:24] [#]} 17. Qb3 $146 ({Predecessor:} 17. a3 Kh8 18. Rf2 Bxe2 19. Bxe2 Nhf4 20. Qd2 Qg5 21. Kh1 f6 22. Qe3 Rae8 23. Rdf1 {½-½ (40) Mishugin,A (2097)-Nazarenko,P Kiev 2005}) 17... b5 18. Bd3 Qg5 19. Qc2 b4 20. Na4 Qe3+ 21. Rf2 Nhf4 22. Qd2 Qxd2 23. Rxd2 Nxd3 24. Rxd3 Bxe2 25. Rxe2 Nf4 26. Red2 Nxd3 27. Rxd3 Rfe8 $17 28. Nc5 a5 29. Kf2 f6 30. Kf3 Ra7 31. Rd2 Rd8 32. Ke3 Re7 33. Kd3 g6 34. Re2 Kg7 35. Kc4 f5 36. e5 g5 37. Nb3 Rd5 38. Nc5 Kg6 39. Rf2 h5 40. Rf3 h4 41. h3 Rd8 42. Nb3 Red7 43. Rd3 Rd5 44. Nc5 f4 45. Nb7 R8d7 46. Nd6 R7xd6 47. exd6 Rxd6 48. Kc5 Re6 49. Rd2 Kf5 50. Kb6 g4 51. hxg4+ Kxg4 52. Kxa5 Kg3 53. Kxb4 h3 54. gxh3 f3 55. a4 Re2 56. Rd3 Rxb2+ 57. Kc5 Rc2+ 58. Kb6 Kg2 59. a5 f2 60. Rd1 Rc4 61. a6 Rxd4 62. Ra1 Ra4 63. Rxa4 f1=Q 64. Ra5 Qc4 65. a7 Qb4+ 66. Ka6 1/2-1/2

[Event "32nd NATO Championship 2022"]
[Site "Tartu"]
[Date "2022.06.30"]
[Round "6.8"]
[White "Pazeriene, Diana"]
[Black "Bohn, Ulrich"]
[Result "0-1"]
[ECO "A59"]
[WhiteElo "1930"]
[BlackElo "2168"]
[Annotator "NA RC"]
[PlyCount "54"]
[EventDate "2022.06.27"]
[EventType "swiss"]
[EventCountry "EST"]
[SourceTitle "playchess.com"]
[Source "ChessBase"]
[SourceQuality "1"]
[TimeControl "5400+30"]

1. d4 Nf6 2. c4 c5 3. d5 b5 4. cxb5 a6 5. bxa6 g6 6. Nc3 Bxa6 7. e4 Bxf1 8. Kxf1 d6 9. Nf3 Qc8 10. h3 Bg7 11. g3 O-O 12. Kg2 Na6 13. Rb1 Nd7 14. a4 (14. Bg5 $16) 14... Qb7 $11 15. Bd2 Nb6 16. Re1 Nb4 17. b3 f5 18. Nb5 Nd3 19. Re2 fxe4 20. Ng5 Nxd5 21. Nxe4 Nxf2 22. Rxf2 Nf6 23. Kh2 Nxe4 24. Rxf8+ Rxf8 25. Be3 Nxg3 26. Kxg3 Be5+ 27. Kh4 Qe4+ 0-1

[Event "32nd NATO Championship 2022"]
[Site "Tartu"]
[Date "2022.06.30"]
[Round "6.11"]
[White "Peraino, Andrew"]
[Black "Pedersen, Finn"]
[Result "1-0"]
[ECO "B12"]
[WhiteElo "1940"]
[BlackElo "2300"]
[Annotator "TA"]
[PlyCount "99"]
[EventDate "2022.06.27"]
[EventType "swiss"]
[EventCountry "EST"]
[SourceTitle "playchess.com"]
[Source "ChessBase"]
[SourceQuality "1"]
[TimeControl "5400+30"]

1. e4 c6 2. d4 d5 3. e5 Bf5 4. Nd2 e6 5. Nb3 Nd7 6. f4 {[%emt 0:03:42] [#] B12: Caro-Kann: Advance Variation.} Ne7 $146 ({Predecessor:} 6... a6 7. Nf3 Rc8 8. Be2 c5 9. c3 h5 10. O-O Nh6 11. h3 c4 12. Nbd2 Bg6 13. Qe1 Nf5 {1-0 (41) Merry,A (2462)-Kathmale,S (2323) Pardubice 2018}) 7. Bd2 h5 8. a4 {[%emt 0:03:02] The position is equal.} Bg4 9. Be2 Nf5 10. g3 {[%emt 0:01:12] Inhibits Qh4.} (10. Nf3 $15) 10... c5 $1 $17 11. Bxg4 (11. dxc5 $17 Nxc5 12. Bc3) 11... hxg4 $19 12. Qxg4 c4 {[%emt 0:00:35][%mdl 64] Deflection} (12... Nxd4 13. Nxd4 cxd4 14. Nf3 $11) (12... cxd4 13. Ne2 $17) 13. Nc1 Nxd4 14. Qd1 Nf5 15. Nce2 Bc5 ({Better is} 15... Nc5 $19 {Strongly threatening ...Ne4.} 16. Nf3 Ne4) 16. Nf3 $17 Qb6 {[%emt 0:05:17] Inhibits b4.} 17. c3 (17. a5 $17 Qc6 18. c3) 17... a5 $19 (17... Qxb2 18. Rb1 Qa2 19. Ra1 $17) 18. Bc1 (18. Rb1 $142) 18... Bf2+ 19. Kf1 Bxg3 20. Nfd4 (20. Ned4 $142) 20... Bh4 21. Rg1 g6 22. Rg2 Nxd4 23. Nxd4 Be7 24. Rb1 Bc5 25. Nb5 Qc6 26. Qf3 (26. Bd2 {keeps fighting.}) 26... Nb6 27. Qd1 Rh3 28. b3 cxb3 29. Qg4 Rh8 30. Rxb3 Nxa4 31. f5 {[%emt 0:00:44] [#]} Nb6 (31... gxf5 32. Qxa4 O-O-O 33. Qxa5 $14) (31... Bb4 $1 $19 32. Nd6+ Bxd6 33. exd6 O-O-O 34. fxg6 fxg6) 32. fxg6 (32. fxe6 $11 {keeps the balance.} Rh7 33. Nd6+ Bxd6 34. exd6 Qc4+ 35. Qxc4 Nxc4 36. d7+ Ke7 37. d8=R Rxd8 38. Bg5+ f6 39. Rxb7+ Kxe6 40. Rxh7 fxg5 41. Rxg5) 32... fxg6 ({Black should play} 32... Nc4 $17 33. Re2 O-O-O) 33. Qxg6+ $11 Kd7 {[%emt 0:00:09] ...a4 is the strong threat.} 34. Qg7+ Be7 35. Bg5 $1 Qc4+ 36. Ke1 $2 (36. Kg1 $1 $11 Rae8 37. Nd4) 36... Rhe8 $4 (36... Qe4+ $1 $19 {and all is fine.} 37. Re2 Qh1+ 38. Kd2 Nc4+ 39. Kc2 Rae8 40. Bxe7 Reg8) 37. Nd4 $18 {[%emt 0:01:22] Really sharp!} Ra6 {[%emt 0:03:21] And now ...a4 would win.} 38. Rgb2 {[%emt 0:00:51] White is more active.} (38. Qf7 $6 a4 39. Qxe6+ Kc7 40. Bxe7 axb3 41. Bd6+ Kd8 42. Be7+ Kc7 43. Bd6+ Kd8 44. Be7+ Kc7 $11) (38. Bxe7 $1 $16 {White wants to mate with Bd6+.} Rxe7 39. Qf6) 38... Qc5 (38... a4 $1 $11 39. Rxb6 Rxb6 40. Rxb6 Qxc3+ 41. Kf1 Qxd4 42. Rxb7+ Kc6 43. Rxe7 Qd1+ 44. Kg2 Qg4+ 45. Kh1 Qf3+ 46. Kg1 Qg4+ 47. Kh1 Qf3+ 48. Kg1 Qg4+ 49. Kh1) 39. Qf7 $36 {[%emt 0:01:05][%mdl 2048] White is on the roll.} Na8 $2 (39... a4 40. Qxe6+ Kd8 41. Rxb6 (41. Bxe7+ Rxe7 42. Qg8+ Kc7 $11) 41... Bxg5 42. Nc6+ Qxc6 43. Qxc6 bxc6 44. Rxa6 Rxe5+ 45. Re2 Bf4 46. Rxe5 (46. Rxc6 Rh5 $18) (46. Rxa4 Bxh2 47. Ra7 Rxe2+ 48. Kxe2 Bd6 $16) 46... Bxe5 47. Rxc6 (47. Rxa4 Bxh2 48. Ra7 Bd6 $16) 47... Kd7) 40. Rxb7+ Nc7 41. Kd2 {[%emt 0:00:59] Threatens to win with R2b5.} a4 42. R2b5 Qc4 {[%emt 0:00:27] [#]} 43. R5b6 (43. Rxc7+ $142 $1 Qxc7 {[#]} 44. Nxe6 $1 Qxe5 45. Rb7+ Kc8 46. Qxe8+ Kxb7 47. Qxe7+ Kb8 48. Bf4 Qxf4+ 49. Nxf4) 43... Rxb6 44. Rxb6 {[%emt 0:00:09] aiming for Bxe7.} Qa2+ 45. Nc2 {[%emt 0:01:08] Black must now prevent Bxe7.} d4 46. cxd4 {[%emt 0:01:17] Threatening mate with Bxe7.} Kc8 47. Bxe7 {[%emt 0:00:31] White mates.} Rh8 48. h4 Qd5 49. Bd6 Qa5+ 50. Rb4 {[%emt 0:00:01] Quite a comeback for White.  Weighted Error Value: White=0.59/Black=0.75} 1-0

[Event "32nd NATO Championship 2022"]
[Site "Tartu"]
[Date "2022.06.30"]
[Round "6.15"]
[White "Wagenaar, Harm Theo"]
[Black "Schott, Guido"]
[Result "1/2-1/2"]
[ECO "A44"]
[WhiteElo "1893"]
[BlackElo "2028"]
[Annotator "RC"]
[PlyCount "38"]
[EventDate "2022.06.27"]
[EventType "swiss"]
[EventCountry "EST"]
[SourceTitle "playchess.com"]
[Source "ChessBase"]
[SourceQuality "1"]
[TimeControl "5400+30"]

1. d4 c5 2. d5 e5 3. e4 d6 4. Nc3 a6 5. a4 b6 6. Be2 Be7 7. Nf3 Nf6 8. h3 Nbd7 9. Be3 Qc7 10. Nd2 O-O 11. O-O Bb7 12. Nc4 Qb8 13. Na3 Rc8 14. Bd3 Rc7 15. Ne2 b5 16. axb5 axb5 17. c4 bxc4 18. Nxc4 Rxa1 19. Qxa1 Ba8 1/2-1/2

[Event "32nd NATO Championship 2022"]
[Site "Tartu"]
[Date "2022.06.30"]
[Round "6.17"]
[White "Duren, Andrew"]
[Black "Tikerpuu, Mati"]
[Result "1-0"]
[ECO "D02"]
[WhiteElo "1997"]
[BlackElo "1819"]
[Annotator "NA RC"]
[PlyCount "163"]
[EventDate "2022.06.27"]
[EventType "swiss"]
[EventCountry "EST"]
[SourceTitle "playchess.com"]
[Source "ChessBase"]
[SourceQuality "1"]
[TimeControl "5400+30"]

1. d4 b6 2. Bf4 e6 3. e3 Bb7 4. Nf3 Nf6 5. Nbd2 Be7 6. h3 O-O 7. Bd3 c5 8. O-O d5 9. c3 Nc6 10. Ne5 Nxe5 11. dxe5 Ne4 12. Bxe4 dxe4 13. Qc2 Qd3 14. Qxd3 exd3 15. c4 Rfd8 16. Rfd1 a6 17. a4 Bc6 18. f3 b5 ({Black should play} 18... g5 $15 19. Bg3 h5) 19. axb5 axb5 20. b3 b4 $11 21. e4 h6 22. Rxa8 Rxa8 23. Nf1 Ra3 24. Rxd3 Ba4 25. Nd2 Kf8 26. Be3 Ke8 27. Kf1 Bd7 28. Ke2 Kd8 29. h4 Kc7 30. h5 Bc6 31. g4 Kb6 32. Nb1 Ra1 33. Rd1 Ra2+ 34. Nd2 Ra3 35. f4 Ra2 36. Kd3 Bh4 37. Rh1 Bd8 38. g5 Ra7 39. Rg1 Rd7+ 40. Kc2 hxg5 41. fxg5 Bc7 42. Bf4 g6 43. h6 Rd8 44. Rf1 Rh8 45. Kd3 Rd8+ 46. Ke3 Rh8 47. Bg3 Be8 48. Nf3 Bc6 49. Nh2 Rh7 50. Ng4 Bd8 51. Nf6 Rh8 52. Kf4 Bc7 53. Bf2 Bd8 54. Rd1 Bxf6 55. exf6 e5+ 56. Kf3 Rf8 57. Bg3 Re8 58. h7 Rh8 59. Rh1 Bd7 60. Bxe5 Be6 61. Bd6 Kc6 62. Bf8 Rxf8 63. h8=Q Rxh8 64. Rxh8 Kd7 65. Ra8 Kc7 66. Ra7+ Kd6 67. Kf4 Kc6 68. Re7 Bxc4 69. bxc4 b3 70. Re8 Kb7 71. Rh8 b2 72. Rh1 Kc6 73. e5 Kd7 74. Rd1+ Kc7 75. e6 b1=Q 76. Rxb1 Kd8 77. e7+ Kd7 78. Rd1+ Kc7 79. e8=Q Kb7 80. Qb5+ Kc7 81. Rd7+ Kc8 82. Qb7# 1-0

[Event "32nd NATO Championship 2022"]
[Site "Tartu"]
[Date "2022.06.30"]
[Round "6.18"]
[White "Ivbulis, Martins"]
[Black "Stankowski, Aleksander"]
[Result "1/2-1/2"]
[ECO "B08"]
[WhiteElo "1815"]
[BlackElo "1971"]
[Annotator "NA RC"]
[PlyCount "84"]
[EventDate "2022.06.27"]
[EventType "swiss"]
[EventCountry "EST"]
[SourceTitle "playchess.com"]
[Source "ChessBase"]
[SourceQuality "1"]
[TimeControl "5400+30"]

1. d4 Nf6 2. Nc3 g6 3. Nf3 Bg7 4. e4 d6 5. Be2 O-O 6. O-O Nc6 7. Be3 e5 8. dxe5 dxe5 {[%emt 0:01:01] The main line 8...dxe5 scores better than 8...Nxe5.} 9. Qxd8 Rxd8 10. Bg5 Re8 11. Rad1 Bg4 {[%emt 0:06:43] [#]} 12. h3 $146 ({Predecessor:} 12. Bxf6 Bxf6 13. Nd5 Bd8 14. c3 Kg7 15. h3 Bxf3 16. Bxf3 Ne7 17. Nxe7 Bxe7 18. Rd3 {½-½ (35) Verdiana,N (2104)-Iman S,O (2313) Cilacap 2017}) 12... Bxf3 13. Bxf3 Nd4 14. Bxf6 Bxf6 15. Nd5 Bd8 16. c3 Ne6 17. Be2 c6 18. Ne3 Nc5 19. f3 $15 Na4 20. Kh1 Bg5 21. Nc4 b5 22. Na5 Nxb2 23. Rd6 Red8 24. Rxd8+ Rxd8 25. Nxc6 Rd2 26. Bxb5 Nd1 27. Re1 Nxc3 28. Bc4 Bf4 29. Nxa7 Nxa2 30. Bxa2 Rxa2 31. Nc6 Kg7 32. Nb4 Rd2 33. Nd5 Bg3 34. Rc1 f5 35. Ne3 Bf4 36. Nf1 Rd7 37. Re1 Kf6 38. g3 Bh6 39. Kg2 Rd4 40. Re2 Rd3 41. Kf2 Bf8 42. Kg2 Bh6 1/2-1/2

[Event "32nd NATO Championship 2022"]
[Site "Tartu"]
[Date "2022.06.30"]
[Round "6.21"]
[White "Keough, Robert"]
[Black "Voroblievas, Arturas"]
[Result "1-0"]
[ECO "C54"]
[WhiteElo "2074"]
[BlackElo "1740"]
[Annotator "NA RC"]
[PlyCount "75"]
[EventDate "2022.06.27"]
[EventType "swiss"]
[EventCountry "EST"]
[SourceTitle "playchess.com"]
[Source "ChessBase"]
[SourceQuality "1"]
[TimeControl "5400+30"]

1. e4 e5 2. Nf3 Nc6 3. Bc4 Nf6 4. d3 Bc5 5. c3 d6 6. O-O a6 7. a4 h6 8. Re1 {[%emt 0:01:03] 8.Re1 is better than 8.Nbd2.} O-O 9. Nbd2 Ne7 10. Nf1 Ng6 11. b4 Ba7 {[%emt 0:00:41] [#]} 12. d4 $146 ({Predecessor:} 12. Be3 Re8 13. Bxa7 Rxa7 14. Qb3 Be6 15. Bxe6 Rxe6 16. Ne3 Ra8 17. a5 Qd7 18. c4 {1-0 (71) Vysochin,S (2505)-Shevchenko,K (2655) Kharkov 2021}) 12... exd4 13. cxd4 d5 14. exd5 Nxd5 15. Qb3 Be6 16. Ne3 c6 17. b5 Bb8 18. Ba3 Re8 19. Nxd5 cxd5 20. Bxd5 Nf4 (20... Qxd5 $11 21. Qxd5 {[#]} Bxh2+ $1 22. Kxh2 Bxd5) 21. Bxe6 Rxe6 22. Rxe6 Nxe6 23. d5 Nf4 $18 (23... Nf8 $16 {keeps fighting.} 24. bxa6 Rxa6) 24. d6 axb5 25. Qxb5 Ra5 26. Qb4 Rf5 27. Qe4 Qf6 28. Rd1 Ne6 29. Qxb7 Bxd6 30. Bxd6 g5 31. Qb8+ Kh7 32. Be5 Qe7 33. Qb1 Kg6 34. g4 Ng7 35. Bxg7 Kxg7 36. Qxf5 Qe2 37. Qe5+ Qxe5 38. Nxe5 1-0

[Event "32nd NATO Championship 2022"]
[Site "Tartu"]
[Date "2022.06.30"]
[Round "6.22"]
[White "Giedraitis, Mingaudas"]
[Black "Sauer, Marko"]
[Result "1/2-1/2"]
[ECO "A47"]
[WhiteElo "1846"]
[BlackElo "2065"]
[Annotator "NA RC"]
[PlyCount "73"]
[EventDate "2022.06.27"]
[EventType "swiss"]
[EventCountry "EST"]
[SourceTitle "playchess.com"]
[Source "ChessBase"]
[SourceQuality "1"]
[TimeControl "5400+30"]

1. d4 Nf6 2. Bf4 e6 3. e3 b6 4. Nf3 Bb7 5. Nbd2 Be7 6. h3 a6 7. c3 d5 8. Bd3 Nbd7 9. O-O Ne4 10. c4 c5 11. Bh2 (11. cxd5 $142 exd5 12. Be2) 11... O-O 12. cxd5 exd5 13. Ne5 cxd4 $11 (13... Nxe5 $142 14. Bxe5 Nxd2 15. Qxd2 c4) 14. exd4 Nxe5 15. Bxe5 Nxd2 16. Qxd2 Rc8 17. Qf4 Rc6 18. Rac1 Bg5 19. Qg3 Bf6 20. Rxc6 Bxe5 21. Qxe5 Bxc6 22. Bxa6 Re8 23. Qg3 b5 24. a4 bxa4 25. Rc1 Qb6 26. Qc3 Re6 27. Bc8 Rd6 28. Bg4 g6 29. Qa3 Bb5 30. Rc5 Bc4 31. Qxa4 Qxb2 32. Qe8+ Kg7 33. Qe5+ Rf6 34. Bf3 Qc1+ 35. Kh2 Qf4+ 36. Qxf4 Rxf4 37. Bxd5 1/2-1/2

[Event "32nd NATO Championship 2022"]
[Site "Tartu"]
[Date "2022.06.30"]
[Round "6.23"]
[White "Jacob, Tobias"]
[Black "Forsythe, William Bradley"]
[Result "1-0"]
[ECO "A25"]
[WhiteElo "2021"]
[BlackElo "1608"]
[Annotator "NA RC"]
[PlyCount "55"]
[EventDate "2022.06.27"]
[EventType "swiss"]
[EventCountry "EST"]
[SourceTitle "playchess.com"]
[Source "ChessBase"]
[SourceQuality "1"]
[TimeControl "5400+30"]

1. c4 e5 2. g3 Nf6 3. Bg2 Nc6 4. Nc3 d5 5. Nxd5 Nxd5 6. cxd5 Nb4 7. Qb3 f5 8. d3 Bd6 9. Nf3 O-O {[%emt 0:09:50] [#]} (9... c6 $16 {is a better defense.}) 10. O-O ({Better is} 10. Nxe5 $1 $18 Bxe5 11. Qxb4) 10... Qf6 11. Nd2 Na6 12. Qc3 f4 13. Ne4 Qh6 (13... Qg6 $16 {keeps fighting.} 14. a3 Bf5) 14. d4 exd4 15. Qxd4 $18 Bh3 16. Nxd6 Bxg2 17. Kxg2 cxd6 18. Bxf4 Qh5 19. Bxd6 Rf6 20. g4 Qf7 21. Bg3 Qd7 22. h3 Nc7 23. e4 Rd8 24. Rac1 Na6 25. d6 b6 26. Qc4+ Kh8 27. Qxa6 Qe6 28. Qb7 1-0

[Event "32nd NATO Championship 2022"]
[Site "Tartu"]
[Date "2022.06.30"]
[Round "6.26"]
[White "Ivsek, Cveto"]
[Black "Hater, David"]
[Result "1/2-1/2"]
[ECO "D82"]
[WhiteElo "1766"]
[BlackElo "1944"]
[Annotator "NA RC"]
[PlyCount "54"]
[EventDate "2022.06.27"]
[EventType "swiss"]
[EventCountry "EST"]
[SourceTitle "playchess.com"]
[Source "ChessBase"]
[SourceQuality "1"]
[TimeControl "5400+30"]

1. d4 Nf6 2. Bf4 g6 3. e3 Bg7 4. c4 d5 5. Nc3 c5 6. Bxb8 (6. dxc5 $142 Qa5 7. Rc1 (7. cxd5 Nxd5 8. Qxd5 Bxc3+ 9. bxc3 Qxc3+ 10. Ke2 Qxa1 $11)) 6... Rxb8 7. dxc5 Qa5 8. Qa4+ (8. Rc1 $11) 8... Qxa4 9. Nxa4 Bd7 10. Nc3 dxc4 11. Nf3 Rc8 12. Bxc4 Rxc5 13. Bb3 Bc6 14. O-O Bxf3 15. gxf3 Nd7 16. Ne4 Rc8 17. Rab1 O-O 18. Rfd1 Rfd8 $14 (18... Nf6 $11) 19. Ng5 Ne5 20. f4 h6 21. fxe5 hxg5 22. e6 Rxd1+ 23. Rxd1 Bxb2 24. exf7+ Kf8 25. Rd7 Rb8 26. Kg2 Bf6 27. h3 a5 1/2-1/2

[Event "32nd NATO Championship 2022"]
[Site "Tartu"]
[Date "2022.06.30"]
[Round "6.29"]
[White "Heran-Boily, Samuel"]
[Black "Van den Heuvel, Tonnie"]
[Result "1/2-1/2"]
[ECO "B07"]
[WhiteElo "1871"]
[BlackElo "1799"]
[Annotator "NA RC"]
[PlyCount "63"]
[EventDate "2022.06.27"]
[EventType "swiss"]
[EventCountry "EST"]
[SourceTitle "playchess.com"]
[Source "ChessBase"]
[SourceQuality "1"]
[TimeControl "5400+30"]

1. e4 d6 2. d4 Nf6 3. Nc3 Nbd7 4. f4 e5 5. Nf3 exd4 6. Nxd4 Nc5 7. Bd3 Bg4 8. Nf3 Be7 9. O-O O-O 10. h3 Bxf3 11. Qxf3 Nxd3 12. cxd3 c6 13. Be3 Qa5 14. a3 Nd7 15. b4 Qa6 16. d4 (16. Bf2 $16) 16... Nb6 17. Ne2 $11 ({Better is} 17. Bf2 $14) 17... Rae8 18. Ng3 Nc4 19. Bc1 Qb6 20. Qd3 d5 21. Kh1 a5 22. f5 f6 23. Nh5 Bd6 24. bxa5 Qc7 25. Nf4 Bxf4 26. Bxf4 Qxa5 27. exd5 Qxd5 28. Rac1 b5 29. a4 Re4 30. axb5 cxb5 31. Qb3 Ra8 32. Rb1 1/2-1/2

[Event "32nd NATO Championship 2022"]
[Site "Tartu"]
[Date "2022.06.30"]
[Round "6.30"]
[White "O`Byrne, Daniel"]
[Black "Nielsen, Jan Mose"]
[Result "1/2-1/2"]
[ECO "A43"]
[WhiteElo "1664"]
[BlackElo "1991"]
[Annotator "NA RC"]
[PlyCount "50"]
[EventDate "2022.06.27"]
[EventType "swiss"]
[EventCountry "EST"]
[SourceTitle "playchess.com"]
[Source "ChessBase"]
[SourceQuality "1"]
[TimeControl "5400+30"]

1. d4 c5 2. c3 Qc7 3. g3 e6 4. Bg2 d5 5. Bf4 Qb6 6. Qc2 cxd4 7. cxd4 Na6 8. Nf3 Bd7 9. a3 Nf6 10. O-O Be7 11. Nc3 O-O 12. Qd2 Qb3 13. Ne5 Rfd8 14. Rfd1 Be8 15. Rab1 Rac8 16. Qe3 Qb6 17. b4 Nh5 18. Bf3 Nxf4 19. Qxf4 f6 20. Nd3 Rc4 21. Nc5 Bg6 22. Ra1 Nxc5 23. bxc5 Qa5 24. Qe3 Kf7 25. Kg2 Qa6 1/2-1/2

[Event "32nd NATO Championship 2022"]
[Site "Tartu"]
[Date "2022.06.30"]
[Round "6.31"]
[White "Kocur, Marc"]
[Black "Stuhr, Finn"]
[Result "1-0"]
[ECO "A45"]
[WhiteElo "1829"]
[BlackElo "1667"]
[Annotator "NA RC"]
[PlyCount "63"]
[EventDate "2022.06.27"]
[EventType "swiss"]
[EventCountry "EST"]
[SourceTitle "playchess.com"]
[Source "ChessBase"]
[SourceQuality "1"]
[TimeControl "5400+30"]

1. d4 Nf6 2. Bf4 d6 3. Nc3 e6 4. e4 Nbd7 5. e5 Ng8 6. Nf3 dxe5 7. dxe5 Bb4 8. Bg5 Ne7 9. Qd4 c5 10. Qd3 Qc7 $14 (10... b5 $11) 11. O-O-O c4 {[%emt 0:00:34] [#]} 12. Nb5 $1 ({Not} 12. Qxc4 Qxc4 13. Bxc4 Bxc3 $14) 12... cxd3 13. Nxc7+ Kf8 14. Bxe7+ Kxe7 15. Nxa8 dxc2 16. Kxc2 Ba5 17. a3 f6 18. b4 Bd8 19. Rd2 a6 20. Be2 b5 21. Rhd1 Nb8 22. exf6+ gxf6 23. Ne1 Bb7 24. Bf3 Bc8 25. Nd3 e5 26. Nc5 f5 27. Nb7 e4 28. Rxd8 Rxd8 29. Nxd8 exf3 30. Nb6 Bd7 31. Nxd7 Nxd7 32. Nc6+ 1-0

[Event "32nd NATO Championship 2022"]
[Site "Tartu"]
[Date "2022.06.30"]
[Round "6.40"]
[White "Adolfssen, Rico"]
[Black "Papler, Peter"]
[Result "0-1"]
[ECO "C41"]
[WhiteElo "1837"]
[BlackElo "1714"]
[Annotator "NA RC"]
[PlyCount "80"]
[EventDate "2022.06.27"]
[EventType "swiss"]
[EventCountry "EST"]
[SourceTitle "playchess.com"]
[Source "ChessBase"]
[SourceQuality "1"]
[TimeControl "5400+30"]

1. e4 d6 2. d4 Nf6 3. Nc3 Nbd7 4. Bc4 e5 5. Nf3 Be7 6. O-O O-O 7. Qe2 c6 8. Rd1 Qc7 9. Bb3 ({Better is} 9. a4 $1 $14) 9... a6 10. a4 b6 11. Nh4 (11. Bg5 $14) 11... Re8 (11... exd4 $11 12. Nf5 Nc5 13. Nxd4 Nxb3 14. Nxb3 Nd7) 12. Qc4 Rf8 (12... d5 $1 $11 {remains equal.} 13. exd5 exd4 14. Qxd4 (14. dxc6 Ne5 $15) 14... Bc5) 13. Nf5 Bd8 (13... Nb8 $142) 14. Qd3 Bb7 15. Bh6 Ne8 16. Qg3 Bf6 17. Be3 Kh8 18. dxe5 $16 Nxe5 19. Rd2 Rd8 20. Rad1 Bc8 21. Bg5 Bxf5 22. exf5 Bxg5 23. Qxg5 Nf6 24. f4 Neg4 25. Rd3 b5 26. Qh4 Qa7+ 27. Kf1 Ne3+ 28. Rxe3 Qxe3 29. axb5 axb5 30. Re1 Qc5 31. g4 d5 32. g5 Ne4 33. Nxe4 dxe4 34. g6 h6 35. gxf7 Qxf5 36. Qf2 c5 37. c4 Qh3+ 38. Qg2 Qxb3 39. Rxe4 Rd1+ 40. Re1 Qxc4+ 0-1

[Event "32nd NATO Championship 2022"]
[Site "Tartu"]
[Date "2022.06.30"]
[Round "6.44"]
[White "Korge, Kersti"]
[Black "Lambruschini, Alex"]
[Result "1/2-1/2"]
[ECO "A15"]
[WhiteElo "1864"]
[BlackElo "1807"]
[Annotator "NA RC"]
[PlyCount "156"]
[EventDate "2022.06.27"]
[EventType "swiss"]
[EventCountry "EST"]
[SourceTitle "playchess.com"]
[Source "ChessBase"]
[SourceQuality "1"]
[TimeControl "5400+30"]

1. b4 d5 2. Bb2 Nf6 3. e3 g6 4. c4 Bg7 5. Nf3 O-O 6. d4 Bg4 7. Nbd2 e6 8. Be2 Qe7 9. c5 c6 10. O-O Nbd7 11. a4 Ne4 12. Nxe4 dxe4 13. Nd2 Bxe2 14. Qxe2 f5 15. Nc4 Nf6 16. Nd6 Nd5 17. Qc4 Qd7 18. Qb3 Rfb8 19. Nc4 h6 20. b5 Kh7 (20... b6 $5 ) 21. b6 $11 axb6 22. Nxb6 Nxb6 23. cxb6 Qd5 24. Qxd5 exd5 25. Bc3 Ra6 26. a5 c5 27. Rfc1 c4 28. Rcb1 Rd8 29. Rb5 Bf8 30. Kf1 Kg8 31. Ke2 Kf7 32. Kd2 Ke6 33. Kc2 Rc8 34. Rab1 Be7 35. f3 Rc6 36. fxe4 fxe4 37. Rf1 Ra8 38. Rbb1 Rcc8 39. Rf2 Rf8 40. Rbf1 Kd7 41. Rf7 Ke6 42. Rxf8 Bxf8 43. Ra1 Kd7 44. Kd2 Be7 45. Ke2 Kc6 46. Rb1 Rf8 47. Be1 Bd6 48. h3 Be7 49. Bg3 Ra8 50. Be1 Ba3 51. Kd1 Bd6 52. Kc2 Rf8 53. Kc3 Rf1 54. Kc2 Rg1 55. a6 bxa6 56. b7 Rxg2+ 57. Kc3 Bb8 58. Kb4 Kxb7 59. Kc5+ Ka7 60. Kxd5 Rg1 61. Rc1 Bg3 62. Bd2 Rxc1 63. Bxc1 c3 64. Kxe4 Be1 65. Kd3 Bd2 66. Ba3 g5 67. d5 Kb6 68. Bf8 h5 69. e4 g4 70. hxg4 hxg4 71. Bd6 Kb7 72. Bg3 Kc8 73. e5 Kd7 74. e6+ Ke7 75. Bh4+ Kd6 76. Bg3+ Ke7 77. Bh4+ Kd6 78. Bg3+ Ke7 1/2-1/2